AoeStats
← waw15

Coastal Forest

503210316Analyzed
3v3 RM · 1mo ago on Aug 30, 2026· 41m 37s· 6 players
Game mode
Random Map
Map size
Normal (6 player)
Population
200
Speed
Normal
Resources
Standard
Victory
Conquest
Starting age
Dark Age
Ending age
Imperial Age
RankedLock teamsTeams togetherTeam positionsShared explorationLock speedFull tech treeHidden civsTurbo modeCheats
Victory
Defeat
🇮🇪 Cumans · Ireland
957
+17
🇵🇱 Hindustanis · Poland
937
+18
🇬🇧 Britons · United Kingdom
912
+19
🇩🇪 Spanish · Germany
989
-18
🇩🇪 Wei · Germany
983
-18
🇩🇪 Mongols · Germany
962
-17
waw15
10:42 Feudal Age
13:36 Loom
18:54 Castle Age
18:54 Double-Bit Axe
24:16 Fletching
24:38 Forging
28:14 Ballistics
27:48 Horse Collar
28:10 Bodkin Arrow
42:12 Imperial Age
41:20 Caravan
41:41 Gold Mining
redjumper99
3:15 Loom
13:21 Feudal Age
13:50 Double-Bit Axe
15:01 Town Watch
15:45 Fishing Lines
18:51 Wheelbarrow
18:34 Bloodlines
20:01 Horse Collar
23:32 Scale Barding Armor
24:11 Forging
25:46 Gold Mining
29:09 Castle Age
30:10 Gillnets
31:25 Gold Shaft Mining
30:42 Stone Mining
32:25 Bow Saw
33:09 Iron Casting
33:53 Hand Cart
34:50 Steppe Husbandry
35:54 Chain Barding Armor
39:28 Imperial Age
40:23 Elite Steppe Lancer
41:41 Plate Barding Armor
PiotrekEs
9:55 Feudal Age
9:54 Loom
10:54 Double-Bit Axe
15:41 Castle Age
17:04 Bow Saw
19:16 Husbandry
22:52 Scale Barding Armor
26:49 Forging
27:00 Chain Barding Armor
29:22 Iron Casting
29:43 Wheelbarrow
30:26 Bloodlines
36:19 Imperial Age
34:43 Grand Trunk Road
36:53 Heavy Camel Rider
39:00 Conscription
39:17 Hoardings
39:20 Gold Mining
39:26 Horse Collar
41:04 Masonry
41:15 Ballistics
leuler
7:41 Loom
9:48 Feudal Age
10:38 Double-Bit Axe
10:36 Horse Collar
20:26 Castle Age
18:44 Fletching
19:54 Wheelbarrow
19:36 Padded Archer Armor
20:35 Bloodlines
21:23 Bow Saw
21:21 Gold Mining
22:06 Husbandry
22:49 Heavy Plow
25:17 Town Watch
27:53 Gold Shaft Mining
27:56 Ballistics
29:29 Thumb Ring
30:00 Bodkin Arrow
29:56 Elite Skirmisher
30:53 Leather Archer Armor
32:51 Squires
32:12 Pikeman
33:49 Forging
33:45 Scale Barding Armor
40:22 Iron Casting
40:08 Chain Barding Armor
41:50 Hand Cart
Infidel Pollo
5:46 Loom
12:16 Feudal Age
13:40 Wheelbarrow
12:54 Double-Bit Axe
12:52 Horse Collar
23:08 Castle Age
22:10 Bloodlines
23:43 Fletching
24:26 Hand Cart
24:55 Bow Saw
24:48 Heavy Plow
24:16 Pikeman
24:56 Squires
28:41 Gold Mining
29:24 Husbandry
33:16 Bodkin Arrow
38:30 Stone Mining
Dacio
0:31 Loom
12:32 Feudal Age
18:38 Castle Age
18:16 Double-Bit Axe
22:54 Fishing Lines
23:52 Bow Saw
26:25 Gillnets
29:03 Fletching
30:03 Bloodlines
29:54 Husbandry
30:20 Padded Archer Armor
34:37 Imperial Age
32:53 Wheelbarrow
33:01 Stone Mining
33:37 Bodkin Arrow
33:57 Leather Archer Armor
34:05 Ballistics
34:27 Leather Archer Armor
34:49 Thumb Ring
34:50 Horse Collar
35:22 Tuntian
35:52 Hand Cart
35:22 Town Watch
35:30 Gold Mining
37:49 Ming Guang Armor
37:49 Forging
37:39 Scale Mail Armor
39:38 Gold Shaft Mining
39:57 Bracer
40:28 Ring Archer Armor
41:17 Parthian Tactics
41:34 Iron Casting
41:04 Scale Barding Armor
Connection lost

Rejoining the realm…

Still unreachable

The connection could not be restored.

Session expired

The server has moved on; the page needs a fresh start.